[Event "*** Titled Tuesday Blitz"]
[Site "Chess.com"]
[Date "2019.11.05"]
[Round "3"]
[White "GM_dmitrij"]
[Black "Azatic"]
[Result "1-0"]
[WhiteElo "2930"]
[BlackElo "2634"]
[TimeControl "180+2"]
[EndTime "13:36:57 PST"]
[Termination "GM_dmitrij won by resignation"]

1. e4 c5 2. Nf3 e6 3. d4 cxd4 4. Nxd4 a6 5. c4 Qc7 6. Nc3 Nf6 7. Be2 Be7 8. f4 d6 9. O-O e5 10. Nf5 Bxf5 11. exf5 O-O 12. g4 exf4 13. g5 Ne8 14. f6 gxf6 15. Nd5 Qd8 16. gxf6 Nxf6 17. Bxf4 Nxd5 18. Qxd5 Kh8 19. Kh1 Nc6 20. Bh6 Ne5 21. Bxf8 Qxf8 22. c5 Qh6 23. Qxb7 Re8 24. c6 Qe3 25. c7 Qxe2 26. c8=Q Rxc8 27. Qxc8+ Kg7 28. Qh3 Qxb2 29. Qg2+ Ng6 30. Qxb2+ 1-0

[Event "*** Titled Tuesday Blitz"]
[Site "Chess.com"]
[Date "2019.11.05"]
[Round "3"]
[White "Keaton87"]
[Black "NemtsevIgor"]
[Result "1-0"]
[WhiteElo "2567"]
[BlackElo "2271"]
[TimeControl "180+2"]
[EndTime "13:36:57 PST"]
[Termination "Keaton87 won by resignation"]

1. d4 c6 2. Nf3 h6 3. e4 d5 4. Nbd2 e6 5. Bd3 Nf6 6. e5 Nfd7 7. O-O c5 8. c3 cxd4 9. cxd4 Nc6 10. Re1 Be7 11.
Nf1 Qb6 12. Qe2 Nxd4 13. Nxd4 Qxd4 14. Bd2 O-O 15. Ng3 Nc5 16. Bc2 Qxb2 17. Bxh6 Qb4 18. f4 Ne4 19. Bxe4 dxe4 20. Qg4 g6 21. Nxe4 Rd8 22.
Nf6+ Bxf6 23. exf6 Qd4+ 24. Kh1 Bd7 25. Qh4 Qd5 26. Bg5 Bc6 27. Rg1 Qd4 28. Qh6 Bxg2+ 29. Rxg2 Qxa1+ 30. Rg1 1-0

[Event "*** Titled Tuesday Blitz"]
[Site "Chess.com"]
[Date "2019.11.05"]
[Round "3"]
[White "Bathory44"]
[Black "BIG_Pirate"]
[Result "0-1"]
[WhiteElo "2601"]
[BlackElo "2430"]
[TimeControl "180+2"]
[EndTime "13:37:02 PST"]
[Termination "BIG_Pirate won by resignation"]

1. e4 d5 2. exd5 Qxd5 3. Nc3 Qa5 4. Bc4 Nf6 5. d3 c6 6. Bd2 Qc7 7. Qe2 Nbd7 8. Ne4 b5 9. Bb3 e6 10. Nf3 a6 11. Nfg5 h6 12. Nxf7 Kxf7 13. Ng5+ hxg5 14. Qxe6+ Kg6 15. Qf7+ Kh7 16. O-O-O Bd6 17. h4 g4 18. h5 Ne5 19. Qg6+ Nxg6 20. hxg6+ Kxg6 21. Rxh8 Bf4 22. Be3 Bb7 23. Rh4 Qe5 24. Kb1 Bxe3 25. fxe3 Qxe3 26.
c3 c5 27. Bc2 Qg3 28. Rhh1 Kf7 29. Rhf1 Re8 30. Bb3+ Kg6 31. Bc2 Re2 0-1

[Event "*** Titled Tuesday Blitz"]
[Site "Chess.com"]
[Date "2019.11.05"]
[Round "3"]
[White "1f3_2g41-0"]
[Black "StephenDedalus83"]
[Result "0-1"]
[WhiteElo "2281"]
[BlackElo "2809"]
[TimeControl "180+2"]
[EndTime "13:37:04 PST"]
[Termination "StephenDedalus83 won by resignation"]

1. e4 c5 2. Nf3 Nc6 3. Bb5 e6 4. O-O Nge7 5. c3 a6 6. Ba4 b5 7. Bc2 Bb7 8. d4 cxd4 9. cxd4 Nb4 10. Nc3 Nxc2 11. Qxc2 Rc8 12. a3 Ng6 13. Qb3 Bd6 14. Bg5 Qb6 15. d5 O-O 16. Be3 Qa5 17. Rfd1 Bb8 18.
Rac1 Rc4 19. Nxb5 Rxc1 20. Rxc1 Qxb5 21. Qc2 exd5 22. Nd4 Qa5 23. Qb3 Ba8 24. Nf5 dxe4 25. g4 Bd5 26. Qc2 Ne5 27. Qc8 Ng6 28. Qxd7 Be6 29. Qd4 Bxf5 30. gxf5 Qxf5 31. Kf1 Be5 32. Qd5 Qh3+ 33. Ke1 Bxb2 34. Rc7 Qe6 35. Qb7 Bxa3 36. Rc3 Be7 37. Rc6 Qd5 38. Bh6 Bb4+ 39. Kf1 Qd1+ 40.
Kg2 Nh4+ 41. Kh3 Qf3+ 42. Kxh4 Qxf2+ 43. Kh3 Qf3+ 44. Kh4 Be1+ 45. Kg5 Bd2+ 46. Kh4 Bxh6 47. Rxh6 gxh6 0-1

[Event "*** Titled Tuesday Blitz"]
[Site "Chess.com"]
[Date "2019.11.05"]
[Round "3"]
[White "GasconJR"]
[Black "littleplotkin"]
[Result "1-0"]
[WhiteElo "2473"]
[BlackElo "2657"]
[TimeControl "180+2"]
[EndTime "13:37:07 PST"]
[Termination "GasconJR won by resignation"]

1. e4 e5 2. Nf3 Nc6 3. Bc4 Nf6 4. d3 Bc5 5. O-O O-O 6. h3 h6 7. Re1 d6 8. c3 a6 9. a4 Be6 10. Bxe6 fxe6 11. b4 Ba7 12. Ra2 Qe8 13. Na3 Nh5 14. Nc4 Nf4 15. Bxf4 Rxf4 16. b5 Ne7 17. d4 exd4 18.
b6 Bb8 19. Nxd4 Qg6 20. Qc1 Rf7 21. Rd2 c5 22. Nc2 d5 23. exd5 Nxd5 24. N2e3 Nf4 25. Rd8+ Kh7 26. Kh1 Nxh3 27. gxh3 Rxf2 28. Ng4 Rf3 29. Qb1 Rxh3+ 30. Kg2 Rg3+ 31. Kf1 Rxg4 32. Qxg6+ Rxg6 33. Ke2 Rg4 34. Kd3 Rg3+ 35. Kc2 Rg2+ 36.
Kb3 Bg3 37. Rxa8 Bxe1 38. Rb8 Rg3 39. Nd6 Rxc3+ 40. Kb2 Rd3 41. Nxb7 Bg3 42. Rc8 Rd4 43. a5 Rb4+ 44. Kc2 c4 45. Nc5 Bf2 46. Nxe6 Bxb6 47. axb6 Rxb6 48. Nf8+ Kg8 49. Nd7+ 1-0

[Event "*** Titled Tuesday Blitz"]
[Site "Chess.com"]
[Date "2019.11.05"]
[Round "3"]
[White "WorldChampionBulletChess"]
[Black "Chempiblinka"]
[Result "0-1"]
[WhiteElo "2053"]
[BlackElo "2322"]
[TimeControl "180+2"]
[EndTime "13:37:16 PST"]
[Termination "Chempiblinka won by resignation"]

1. d4 Nf6 2. Nf3 g6 3. g3 Bg7 4. Bg2 O-O 5. O-O d6 6. c4 c6 7. Na3 Qa5 8. Nc2 Qh5 9. Re1 e5 10. dxe5 dxe5 11. e4 Na6 12. Bg5 Bg4 13. Bxf6 Bxf6 14.
Qd3 Rad8 15. Qe3 b6 16. Rad1 Nc5 17. b4 Ne6 18. Rd2 c5 19. a3 Nd4 20. Nfxd4 cxd4 21. Qd3 Rc8 22. f3 Be6 23. c5 bxc5 24. bxc5 Rxc5 25. Nb4 Rc3 26. Qe2 Bc4 27. Qf2 Bg5 28. Rc2 Be3 29. Rxe3 dxe3 30. Qe1 Rxc2 31. Qc3 Rxc3 0-1

[Event "*** Titled Tuesday Blitz"]
[Site "Chess.com"]
[Date "2019.11.05"]
[Round "3"]
[White "Tolya2"]
[Black "MaximDlugy"]
[Result "0-1"]
[WhiteElo "2409"]
[BlackElo "2816"]
[TimeControl "180+2"]
[EndTime "13:37:18 PST"]
[Termination "MaximDlugy won by resignation"]

1. Nf3 d5 2. d4 c5 3. c4 cxd4 4.
cxd5 Nf6 5. Qxd4 Qxd5 6. Nc3 Qxd4 7. Nxd4 Bd7 8. f3 Nc6 9. Be3 e5 10. Nxc6 Bxc6 11. O-O-O Bb4 12. Bd2 e4 13. a3 Be7 14.
Bg5 Rc8 15. Kb1 O-O 16. Bxf6 Bxf6 17. Nxe4 Bxe4+ 18. fxe4 Rfe8 19. e3 Rxe4 20. Be2 Rxe3 21. Bf3 Rb3 22. Rd2 g6 23. Rhd1 Rc7 24. Ka2 Rb6 25. b4 Kf8 26. Kb3 Rc3+ 27. Ka2 a5 28. Rd6 Rxd6 29. Rxd6 Be5 30. Rb6 axb4 31. axb4 Bxh2 32.
Rxb7 h5 33. Bd5 Rc7 34. Rxc7 Bxc7 35. Kb3 Ke7 36. Kc4 f5 37. Kc5 h4 38. Kc6 Bf4 39.
b5 g5 40. b6 g4 41. b7 Bb8 42. Kc5 Kf6 43. Bc6 Ke5 44. Kc4 f4 45. Kd3 f3 46.
gxf3 g3 47. Ke2 h3 48. Bd7 g2 0-1

[Event "*** Titled Tuesday Blitz"]
[Site "Chess.com"]
[Date "2019.11.05"]
[Round "3"]
[White "Korchmar_Vasiliy"]
[Black "Genghis_K"]
[Result "1/2-1/2"]
[WhiteElo "2707"]
[BlackElo "2903"]
[TimeControl "180+2"]
[EndTime "13:37:21 PST"]
[Termination "Game drawn by agreement"]

1. d4 Nf6 2. c4 e6 3. g3 d5 4. Bg2 Be7 5. Nf3 O-O 6. O-O dxc4 7. Ne5 Nc6 8. Bxc6 bxc6 9. Nxc6 Qe8 10. Nxe7+ Qxe7 11.
Qc2 c5 12. Qxc4 cxd4 13. Qxd4 e5 14. Qh4 h6 15. Nc3 Rb8 16. e4 Rd8 17. Re1 Ba6 18. g4 Qe6 19. f3 Rd3 20. Qf2 Nh7 21. Be3 Ng5 22. Bxg5 hxg5 23. Rad1 Rbd8 24. Rxd3 Rxd3 25. Rd1 Rxd1+ 26. Nxd1 Qxa2 27. Qxa7 Qa1 28. Kf2 Qxd1 29. Qxa6 Qd4+ 30. Kg3 1/2-1/2

[Event "*** Titled Tuesday Blitz"]
[Site "Chess.com"]
[Date "2019.11.05"]
[Round "3"]
[White "StockholmMissile"]
[Black "Pilopa"]
[Result "0-1"]
[WhiteElo "2289"]
[BlackElo "2563"]
[TimeControl "180+2"]
[EndTime "13:37:21 PST"]
[Termination "Pilopa won by resignation"]

1. d4 Nf6 2. Bg5 e6 3. e4 h6 4.
Bxf6 Qxf6 5. c3 d5 6. Nd2 c5 7. Ngf3 cxd4 8. cxd4 dxe4 9. Nxe4 Bb4+ 10. Nc3 O-O 11.
Bd3 Nc6 12. O-O Rd8 13. a3 Ba5 14. Ne2 Bb6 15. Qb3 Bd7 16. Rfd1 Be8 17. Rac1 Rac8 18. Rc3 Rd6 19. Bb1 Rcd8 20. Qc2 g6 21. Rcd3 Ne7 22.
h3 Bc6 23. Ne5 Be4 24. Ng4 Qg7 25. Qb3 Bxd3 26. Rxd3 Nf5 27. Rf3 h5 28. Bxf5 hxg4 29.
Bxg4 Bxd4 30. Nxd4 Rxd4 31. Bxe6 Rd1+ 32. Kh2 Qe5+ 33.
g3 Qxe6 34. Qxb7 R1d7 35. Qb4 Rd5 36. Rf4 Rf5 37. Rxf5 Qxf5 38. Qe1 Qf3 39. h4 Rd1 40. Qe8+ Kh7 41. Qxf7+ Qxf7 0-1

[Event "*** Titled Tuesday Blitz"]
[Site "Chess.com"]
[Date "2019.11.05"]
[Round "3"]
[White "maxip32"]
[Black "davigator"]
[Result "1-0"]
[WhiteElo "2487"]
[BlackElo "2294"]
[TimeControl "180+2"]
[EndTime "13:37:24 PST"]
[Termination "maxip32 won by checkmate"]

1. e4 c5 2. Nf3 Nc6 3. Bb5 g6 4. Bxc6 bxc6 5. O-O Bg7 6. h3 Nh6 7. Re1 O-O 8. c3 d6 9. d4 cxd4 10. cxd4 Rb8 11. Nc3 f5 12. e5 Qc7 13. Bf4 Nf7 14. exd6 exd6 15. Qd2 h6 16. h4 a5 17. Re2 Rb4 18. Rae1 Qd8 19. a3 Rb7 20. Qd3 Bf6 21.
g3 g5 22. hxg5 hxg5 23. Bc1 Kg7 24. d5 c5 25. Kg2 Rh8 26. Rh1 Rxh1 27. Kxh1 Re7 28.
Rxe7 Qxe7 29. Bd2 Bd7 30. Kg2 Ne5 31. Nxe5 Qxe5 32. Qa6 a4 33. Qa7 Qe7 34. Nxa4 Bxa4 35. Qxa4 Bxb2 36. Qb3 Bd4 37. a4 g4 38. Be3 Qe4+ 39. Kf1 Qh1+ 40. Ke2 Qf3+ 41. Ke1 Bxe3 42. Qxe3 Qxd5 43. a5 Kg6 44. a6 c4 45. Qe8+ Kf6 46. Qd8+ Kg6 47. a7 c3 48. a8=Q Qd2+ 49. Kf1 c2 50. Qg8+ Kf6 51. Qa1+ Ke7 52. Qag7# 1-0

[Event "*** Titled Tuesday Blitz"]
[Site "Chess.com"]
[Date "2019.11.05"]
[Round "3"]
[White "51616516516"]
[Black "colegiodemadrid"]
[Result "0-1"]
[WhiteElo "2190"]
[BlackElo "2409"]
[TimeControl "180+2"]
[EndTime "13:37:24 PST"]
[Termination "colegiodemadrid won by resignation"]

1. d4 d5 2. c4 e6 3. Nc3 Nf6 4. cxd5 exd5 5. Bg5 Be7 6. e3 c6 7.
Qc2 Nbd7 8. Bd3 h6 9. Bh4 Nh5 10. Bxe7 Qxe7 11. Nge2 Nb6 12. O-O-O Be6 13. Kb1 O-O-O 14.
Na4 Nxa4 15. Qxa4 Kb8 16. Rc1 Rc8 17. Nc3 f5 18. Qa5 Nf6 19. Na4 Qc7 20. Qxc7+ Rxc7 21.
Nc5 Bc8 22. f3 Re7 23. Rce1 Rhe8 24. Kc2 Rxe3 25. Kd2 Rxe1 26. Rxe1 Rxe1 27. Kxe1 b6 28. Nb3 Kc7 29. Nc1 Kd6 30. Ne2 c5 31. h4 c4 32.
Bc2 b5 33. a3 a5 34. Ng3 g6 35.
h5 Nxh5 36. Nxh5 gxh5 37. f4 h4 38. Kf2 b4 39. axb4 axb4 40. Kg1 b3 41. Bb1 Kc6 42. Kh2 Kb5 43. Kh3 Kb4 44. Kxh4 c3 45. bxc3+ Kxc3 46. Kh5 Kxd4 47. Kxh6 Ke3 48. Kg5 d4 49. g4 fxg4 50.
f5 Bxf5 51. Kxf5 g3 0-1

[Event "*** Titled Tuesday Blitz"]
[Site "Chess.com"]
[Date "2019.11.05"]
[Round "3"]
[White "IMAghasiyevKamal"]
[Black "yjjga"]
[Result "1-0"]
[WhiteElo "2417"]
[BlackElo "2074"]
[TimeControl "180+2"]
[EndTime "13:37:30 PST"]
[Termination "IMAghasiyevKamal won on time"]

1. d4 d5 2. c4 c6 3. Nf3 Nf6 4. e3 Bg4 5. h3 Bh5 6. g4 Bg6 7. Nc3 e6 8. Ne5 Nbd7 9. Nxg6 hxg6 10.
Bg2 Bd6 11. Qb3 Rb8 12. g5 dxc4 13. Qxc4 Nd5 14. h4 Nxc3 15. bxc3 e5 16. e4 Nb6 17. Qb3 O-O 18. h5 gxh5 19. Rxh5 Qe7 20. Be3 exd4 21.
cxd4 Bb4+ 22. Ke2 a5 23. Rah1 1-0

[Event "*** Titled Tuesday Blitz"]
[Site "Chess.com"]
[Date "2019.11.05"]
[Round "3"]
[White "mjray79"]
[Black "nocnypako"]
[Result "0-1"]
[WhiteElo "2211"]
[BlackElo "2547"]
[TimeControl "180+2"]
[EndTime "13:37:31 PST"]
[Termination "nocnypako won by resignation"]

1. d4 Nf6 2. c4 g6 3. Nc3 d5 4. cxd5 Nxd5 5. e4 Nxc3 6. bxc3 Bg7 7. Bc4 c5 8. Be3 Nc6 9. Ne2 O-O 10. O-O Na5 11. Bd3 b6 12. Qd2 e5 13. d5 c4 14.
Bc2 f5 15. f3 f4 16. Bf2 Kh8 17. Kh1 g5 18. Rg1 Qd6 19. g3 Bf6 20. g4 Bd7 21. h4 gxh4 22. g5 Be7 23. Bxh4 Qg6 24. Rg2 Qh5 25. Rh2 Qxf3+ 26. Kg1 Rg8 27. Nd4 exd4 28. Qxd4+ Rg7 29. d6 Nc6 30. Qd2 Bxg5 31. Bxg5 Rxg5+ 32. Rg2 Rxg2+ 33. Qxg2 Rg8 34. Qxg8+ Kxg8 35. Bd1 Qxc3 36. Bg4 Qxa1+ 37. Bd1 Bg4 0-1

[Event "*** Titled Tuesday Blitz"]
[Site "Chess.com"]
[Date "2019.11.05"]
[Round "3"]
[White "MFBerna"]
[Black "Zavgorodniy_Serg"]
[Result "0-1"]
[WhiteElo "2311"]
[BlackElo "2585"]
[TimeControl "180+2"]
[EndTime "13:37:32 PST"]
[Termination "Zavgorodniy_Serg won by resignation"]

1. e4 e5 2. Nf3 d6 3. d4 exd4 4. Nxd4 Nf6 5. Nc3 Be7 6. Be2 O-O 7. O-O Re8 8. Re1 c6 9. Bf4 b5 10. Bf1 Bf8 11. a4 b4 12. Nce2 Nxe4 13. a5 c5 14. Nf3 Bb7 15. Ng3 Nxg3 16. Rxe8 Qxe8 17. Bxg3 d5 18.
a6 Bc6 19. Ne5 Bd6 20. Nxc6 Qxc6 21. Qf3 Nd7 22. Rd1 Nf6 23. Bc4 Bxg3 24. hxg3 Rd8 25.
g4 h6 26. Qf4 Qd6 27. Qf3 Qe5 28. Bb5 Rd6 29. g3 g6 30. Qf4 Re6 31. Qf3 Kg7 32. b3 Ne4 33. Bd3 Rf6 34. Bxe4 Rxf3 35. Bxf3 d4 36. Bc6 Qf6 37. Bb7 Qe6 38. Kf1 Qxg4 39.
Re1 Qf5 40. Re2 d3 41. cxd3 Qxd3 42. Ke1 Qxb3 43. Re7 Qc3+ 44. Kf1 Kf6 45. Rc7 b3 46. Bd5 Ke5 47. Bxb3 Qxb3 48. Rxa7 Qd1+ 49. Kg2 Qd5+ 50.
Kh2 Qa2 51. Kg2 Kf6 52. Ra8 Qd5+ 0-1

[Event "*** Titled Tuesday Blitz"]
[Site "Chess.com"]
[Date "2019.11.05"]
[Round "3"]
[White "politeplayer"]
[Black "pedromartinez91"]
[Result "1-0"]
[WhiteElo "2225"]
[BlackElo "2487"]
[TimeControl "180+2"]
[EndTime "13:37:32 PST"]
[Termination "politeplayer won by resignation"]

1. e4 d6 2. d4 Nd7 3. Nc3 e5 4. Bc4 Ngf6 5. dxe5 Nxe5 6. Bb3 Be7 7. f4 Bg4 8. Nf3 Nxf3+ 9. gxf3 Bh3 10. Rg1 O-O 11. Be3 Nh5 12. Qd5 Bh4+ 13. Kd2 Nf6 14. Qxb7 Rb8 15.
Qxa7 d5 16. exd5 Re8 17. Rad1 Qe7 18. Qc5 Qd8 19. Kc1 Nd7 20. Qd4 Bf6 21. Qd3 Rxb3 22. cxb3 g6 23. Bd4 Bh4 24. d6 c5 25. Be5 Nxe5 26.
fxe5 Rxe5 27. Ne4 f5 28. Qc4+ Kg7 29. Nxc5 Bf2 30. Ne6+ Rxe6 31. Qxe6 f4 32. Qe7+ Qxe7 33. dxe7 Kf7 34. Rge1 Be3+ 35. Rxe3 fxe3 36. Re1 Kxe7 37.
Rxe3+ Kf6 38. Rc3 1-0

[Event "*** Titled Tuesday Blitz"]
[Site "Chess.com"]
[Date "2019.11.05"]
[Round "3"]
[White "Olga_Ustinova"]
[Black "saraswathii"]
[Result "1/2-1/2"]
[WhiteElo "2383"]
[BlackElo "2193"]
[TimeControl "180+2"]
[EndTime "13:37:32 PST"]
[Termination "Game drawn by repetition"]

1. d4 Nc6 2. Nf3 d5 3. Bf4 Nf6 4. e3 g6 5. Nbd2 Bg7 6. c3 O-O 7. h3 h5 8. Be2 Re8 9. O-O Nh7 10. Re1 e5 11. dxe5 Nxe5 12. Nxe5 Bxe5 13. Bxe5 Rxe5 14. Nf3 Re8 15. Qb3 c6 16. Rad1 Qb6 17. Qc2 Be6 18.
Bd3 Nf8 19. Re2 Kg7 20. Red2 c5 21. c4 Rad8 22. cxd5 Rxd5 23. b3 Red8 24. Bc4 Rxd2 25. Rxd2 Rxd2 26. Nxd2 Nd7 27. Qc3+ Kg8 28. Ne4 Bxc4 29.
Qxc4 Qc6 30. Ng5 Ne5 31. Qf4 Qd6 32. Ne4 Qe7 33. Nf6+ Kg7 34. Nd5 Qd6 35. e4 Qe6 36.
f3 c4 37. bxc4 Nxc4 38. h4 Nb6 39. Ne3 Qxa2 40. Qe5+ Kg8 41. Qb8+ Kg7 42. Qxb7 Qa5 43. Kh2 Qe5+ 44. Kh3 Qe6+ 45. Kh2 Qa2 46. Kh3 Qe6+ 47. Kg3 Qd6+ 48. Kh3 Qe6+ 1/2-1/2

[Event "*** Titled Tuesday Blitz"]
[Site "Chess.com"]
[Date "2019.11.05"]
[Round "3"]
[White "catalin009"]
[Black "VerdeNotte"]
[Result "0-1"]
[WhiteElo "2549"]
[BlackElo "2785"]
[TimeControl "180+2"]
[EndTime "13:37:33 PST"]
[Termination "VerdeNotte won by resignation"]

1. e4 c5 2. Nf3 g6 3. d4 cxd4 4.
Nxd4 Nf6 5. Nc3 d6 6. Be3 Nc6 7. Bc4 Ng4 8. Nxc6 bxc6 9. Bd4 e5 10. Qf3 Qf6 11. Qxf6 Nxf6 12. Be3 Ng4 13. Bd2 Bh6 14.
Bxh6 Nxh6 15. O-O-O Ke7 16. h4 Ng4 17. Rd2 Be6 18. Bxe6 fxe6 19. h5 Nf6 20. hxg6 hxg6 21. Rdd1 Ng4 22. f3 Ne3 23. Rdg1 Rxh1 24. Rxh1 Nxg2 25.
Rh7+ Kf6 26. Rc7 Nh4 27. Rxc6 Rd8 28. Nb5 Nxf3 29. Nxd6 Nd4 30. Ra6 g5 31. Kd2 Nb5 32. Ke3 Rxd6 33. Ra5 Nd4 34. c3 Nc2+ 35. Ke2 a6 36.
Rc5 Rd8 37. Rc6 g4 38. Rxa6 g3 39. Kf3 Rd3+ 40. Kg2 Ne1+ 41. Kf1 g2+ 42. Kg1 Rf3 43. Ra8 Rf1+ 0-1

[Event "*** Titled Tuesday Blitz"]
[Site "Chess.com"]
[Date "2019.11.05"]
[Round "3"]
[White "mortngabriel"]
[Black "FearNoEvil12"]
[Result "0-1"]
[WhiteElo "2286"]
[BlackElo "1963"]
[TimeControl "180+2"]
[EndTime "13:37:35 PST"]
[Termination "FearNoEvil12 won on time"]

1. e4 a6 2. d4 b5 3. Bd3 Bb7 4. Nf3 e6 5. O-O Nf6 6. Re1 d6 7. Nbd2 Nbd7 8. Nf1 h6 9. Ng3 g5 10. e5 Nd5 11. h3 Rg8 12. Nh2 dxe5 13. dxe5 Bc5 14.
Ng4 Nf4 15. Be4 Bxe4 16. Nxe4 Be7 17. Nxh6 Rg6 18. Ng4 Qc8 19. Qf3 Nd5 20. Bd2 Qb7 21. Rad1 Kf8 22. Nef6 N7xf6 23. Nxf6 Bxf6 24. exf6 Rxf6 25.
Qh5 Rg6 26. Bxg5 Kg7 27. Rd4 Rh8 28. Qg4 c5 29. Rdd1 Nf6 30. Qf4 Rh5 31. Bxf6+ Rxf6 32. Qg4+ Rg6 33. Qe4 Qe7 34. f4 Rxh3 35. Qe5+ Kh7 36. Re2 Qh4 0-1

[Event "*** Titled Tuesday Blitz"]
[Site "Chess.com"]
[Date "2019.11.05"]
[Round "3"]
[White "GadimbayliA"]
[Black "Joshukid"]
[Result "1-0"]
[WhiteElo "2926"]
[BlackElo "2699"]
[TimeControl "180+2"]
[EndTime "13:37:36 PST"]
[Termination "GadimbayliA won by checkmate"]

1. e4 c6 2. Nf3 d5 3. exd5 cxd5 4. Ne5 e6 5. d4 Nd7 6. c3 Ngf6 7. Nd2 Nxe5 8.
dxe5 Nd7 9. Nf3 Be7 10. Bd3 h6 11. O-O Qc7 12. Re1 b6 13. a4 Bb7 14. a5 bxa5 15.
Bc2 Nb6 16. Rxa5 Nc4 17. Ra1 a5 18. b3 Nb6 19. Be3 Nd7 20. Nd4 Qxe5 21. Nb5 Qb8 22.
Qg4 Nf6 23. Qxg7 Rg8 24. Qxh6 d4 25. Bf4 Rxg2+ 26. Kf1 Ng4 27. Qh8+ Bf8 28. Rxe6+ fxe6 29. Bg6+ Ke7 30. Qh7+ Kd8 31. Bxb8 Rxf2+ 32. Ke1 Be7 33. Bd6 Bxd6 34. Nxd6 Bd5 35. Qg8+ Kd7 36. Ne8 dxc3 37.
Qg7+ Kc6 38. Qc7+ Kb5 39. Bd3+ Kb4 40. Qb6# 1-0

[Event "*** Titled Tuesday Blitz"]
[Site "Chess.com"]
[Date "2019.11.05"]
[Round "3"]
[White "Shield12"]
[Black "2165149677570"]
[Result "1-0"]
[WhiteElo "2810"]
[BlackElo "2294"]
[TimeControl "180+2"]
[EndTime "13:37:40 PST"]
[Termination "Shield12 won by resignation"]

1. e4 c5 2. Nf3 d6 3. Nc3 Nf6 4. d4 cxd4 5. Nxd4 a6 6. h3 e5 7. Nde2 b5 8. Ng3 Bb7 9. Bg5 Nbd7 10. Nh5 h6 11. Bxf6 Nxf6 12. Nxf6+ Qxf6 13. a4 b4 14. Nd5 Qd8 15. Bc4 Rc8 16. Qd3 Be7 17. a5 O-O 18. O-O Bxd5 19. Bxd5 Qd7 20. Qxa6 Rxc2 21. Qb6 Qc7 22.
Qxc7 Rxc7 23. a6 Ra7 24. Rfc1 Rb8 25. Rc6 Kf8 26. Kf1 Ke8 27. Ke2 Kd7 28. Kd3 Bd8 29.
Kc4 Bb6 30. Kb3 f6 31. f3 Bc5 32. Ra4 Rc8 33. Rxc8 Kxc8 34. Bb7+ Kc7 35. Kc4 Kb6 36. b3 Kc7 37. Ra5 Kb6 38. Rb5+ Kc7 39. Rxc5+ dxc5 40. Kxc5 g6 41. Kxb4 Kb6 42. Kc4 f5 43. Kd5 fxe4 44. fxe4 Kb5 45. Kxe5 Kb4 46. Kf6 Kxb3 47. e5 1-0

[Event "*** Titled Tuesday Blitz"]
[Site "Chess.com"]
[Date "2019.11.05"]
[Round "3"]
[White "WPWPWP-2015"]
[Black "Elshan1985"]
[Result "0-1"]
[WhiteElo "2492"]
[BlackElo "2769"]
[TimeControl "180+2"]
[EndTime "13:37:41 PST"]
[Termination "Elshan1985 won by resignation"]

1. e4 e6 2. d4 d5 3. Nc3 Nf6 4.
Bg5 dxe4 5. Nxe4 Be7 6. Nxf6+ Bxf6 7. Be3 c5 8. Nf3 Nc6 9. dxc5 Bxb2 10. Qxd8+ Nxd8 11.
Rb1 Bc3+ 12. Bd2 Bxd2+ 13. Nxd2 Bd7 14. Ne4 Bc6 15. Nd6+ Ke7 16. Nc4 Rc8 17. Na5 Be4 18. Bd3 Rxc5 19. Nb3 Re5 20. Kd2 Bxd3 21. cxd3 Nc6 22.
Rhc1 Rd8 23. Nc5 b6 24. Ne4 Nd4 25. Rc7+ Rd7 26. Rbc1 f5 27. Rxd7+ Kxd7 28. Nc3 Rc5 29. Re1 b5 30. Rb1 a6 31. f4 h6 32. g3 Nf3+ 33.
Kc2 Nxh2 34. a4 bxa4 35. Rb4 Nf1 36. Rxa4 a5 37. Kb2 Nxg3 38. d4 Rc7 39. Rxa5 Nh5 40.
Ne2 g5 41. fxg5 hxg5 42. Re5 Nf6 43. Nc3 g4 44. d5 Nxd5 45. Nxd5 exd5 46. Rxf5 Ke6 47.
Rg5 Rc4 48. Kb3 Kf6 49. Rxd5 Re4 50. Kc3 g3 51. Rd1 Kf5 52. Kd3 Re8 53. Rf1+ Kg4 54.
Rf7 g2 55. Rg7+ Kh3 56. Rh7+ Kg3 57. Rg7+ Kf2 58. Rf7+ Kg1 59. Kd2 Rh8 0-1

[Event "*** Titled Tuesday Blitz"]
[Site "Chess.com"]
[Date "2019.11.05"]
[Round "3"]
[White "FairChess_on_YouTube"]
[Black "Gordima"]
[Result "1-0"]
[WhiteElo "3034"]
[BlackElo "2790"]
[TimeControl "180+2"]
[EndTime "13:37:43 PST"]
[Termination "FairChess_on_YouTube won by resignation"]

1. c4 c6 2. Nf3 d5 3. e3 Bg4 4. cxd5 cxd5 5. Qb3 Qc7 6. Nc3 Bxf3 7. gxf3 e6 8. d4 Nc6 9. Bd2 Nf6 10. Rc1 Be7 11. f4 O-O 12. Bd3 Rac8 13. Ne2 Qd7 14. O-O Ne4 15. Bxe4 dxe4 16. Ng3 f5 17. Rfd1 Qd5 18. Qxb7 Bd6 19. Kg2 Rc7 20. Qb3 Ne7 21. Rxc7 Bxc7 22. Bb4 Qxb3 23. axb3 Re8 24. Bxe7 Rxe7 25. d5 Rd7 26. Rc1 exd5 27. Nxf5 Bb6 28.
Rd1 Kf7 29. f3 exf3+ 30. Kxf3 Ke6 31. Nd4+ Bxd4 32. Rxd4 Rb7 33. b4 a6 34. e4 dxe4+ 35. Kxe4 g6 36. Kd3 Rc7 37. Rc4 Rd7+ 38. Kc3 Rd6 39. Rc5 Kf6 40. b3 h5 41. h4 Rb6 42.
Kc4 Re6 43. Ra5 Re4+ 44. Kc5 Rxf4 45. Rxa6+ Kg7 46. b5 Rxh4 47. b6 Rh3 48. b7 Rxb3 49.
Rb6 Rc3+ 50. Kd4 Rd3+ 1-0

[Event "*** Titled Tuesday Blitz"]
[Site "Chess.com"]
[Date "2019.11.05"]
[Round "3"]
[White "Frolik67"]
[Black "esskeettit"]
[Result "0-1"]
[WhiteElo "2555"]
[BlackElo "2418"]
[TimeControl "180+2"]
[EndTime "13:37:43 PST"]
[Termination "esskeettit won by checkmate"]

1. e4 g6 2. d4 Bg7 3. Nf3 d6 4. Bc4 e6 5. O-O Ne7 6. Re1 O-O 7. c3 a6 8. Bg5 b5 9. Bb3 Bb7 10.
Qd2 Nd7 11. Bh6 Nf6 12. Bc2 c5 13. Bxg7 Kxg7 14. Qf4 Nh5 15. Qg4 cxd4 16. cxd4 Rc8 17. Bd3 Qa5 18. Nbd2 Qb4 19. Rab1 Nc6 20. a3 Qa4 21. Kh1 Nxd4 22. b3 Qa5 23. b4 Qb6 24. e5 Nxf3 25. Nxf3 dxe5 26. Ng5 Nf4 27. Bf1 Qxf2 28.
Rxe5 Rc2 29. Ne4 Bxe4 30. Rxe4 f5 31. Qxf4 fxe4 32. Qe5+ Rf6 33. h3 e3 34. Rd1 e2 35.
Rd7+ Kh6 36. Bxe2 Rxe2 37. Qc7 Qxg2# 0-1

[Event "*** Titled Tuesday Blitz"]
[Site "Chess.com"]
[Date "2019.11.05"]
[Round "3"]
[White "Bigfish1995"]
[Black "arminmusovic"]
[Result "1-0"]
[WhiteElo "3025"]
[BlackElo "2422"]
[TimeControl "180+2"]
[EndTime "13:37:48 PST"]
[Termination "Bigfish1995 won by resignation"]

1. d4 d5 2. c4 c5 3. cxd5 Qxd5 4. Nf3 cxd4 5. Nc3 Qa5 6. Nxd4 Nf6 7. Bd2 e5 8. Ndb5 Qd8 9. Bg5 Qxd1+ 10. Rxd1 Na6 11. e3 Bb4 12. a3 Bxc3+ 13. Nxc3 O-O 14. Rd6 Ne8 15. Rd8 f6 16. Bc4+ Kh8 17. Bh4 Nac7 18. O-O g5 19. Bg3 Kg7 20. Rfd1 Bg4 21. f3 Bh5 22.
R1d7+ Kh8 23. Rxa8 Nxa8 24. Nd5 Bf7 25. Nxf6 Nxf6 26.
Rxf7 Rxf7 27. Bxf7 Nd7 28. Bd5 Nab6 29. Bxb7 Kg7 30. Bc6 Kf6 31. Bxd7 Nxd7 32. e4 a5 33. b4 axb4 34. axb4 Ke6 35. Bf2 Kd6 36. Kf1 Kc6 37. Ke2 Kb5 38. Be3 Kxb4 39. Bxg5 Kc4 40. Be3 Nf6 41.
g3 Nd7 42. Bf2 Kc3 43. Ba7 Kc4 44. Ke3 Kc3 45. f4 Kc4 46. f5 Kb5 47. Kf3 Kc6 48. g4 Kd6 49. g5 Ke7 50. h4 Kf7 51. Ke3 Ke7 52. Kd3 Kd6 53. Kc4 Kc6 54. Be3 Nf8 55. h5 Kd6 56. Bc5+ 1-0

[Event "*** Titled Tuesday Blitz"]
[Site "Chess.com"]
[Date "2019.11.05"]
[Round "3"]
[White "Feegus"]
[Black "DeGrootteZ"]
[Result "0-1"]
[WhiteElo "2356"]
[BlackElo "2606"]
[TimeControl "180+2"]
[EndTime "13:37:50 PST"]
[Termination "DeGrootteZ won by resignation"]

1. Nf3 Nf6 2. g3 d5 3. Bg2 c6 4. c4 dxc4 5. O-O b5 6. Ne5 Bb7 7. b3 cxb3 8. Qxb3 e6 9. a4 a6 10. d3 Be7 11. Be3 O-O 12. Rc1 Nd5 13. Bd2 Bf6 14. d4 Bxe5 15. dxe5 Nd7 16. f4 b4 17. a5 c5 18. e4 Ne7 19. Be3 Rc8 20. Nd2 Nc6 21.
Nc4 Ba8 22. Nd6 Rb8 23. Bxc5 Nxa5 24. Qe3 Nxc5 25. Qxc5 Nb3 26. Qa7 Nxc1 27. Rxc1 Qb6+ 28. Qxb6 Rxb6 29. Bf1 b3 30. Bc4 a5 31. Rb1 a4 32.
f5 Rxd6 33. exd6 Bxe4 34. Re1 b2 35. Ba2 exf5 36. g4 g6 37. gxf5 gxf5 38. Rd1 Rd8 39.
Kf2 Kg7 40. Ke3 Kf6 41. Kf4 Rb8 42. Rd4 b1=Q 43. Bxb1 Bxb1 44. Rxa4 Rd8 45. Ra6 Ke6 46. d7+ Kxd7 47. Rh6 Ke7 48. Rxh7 Rd4+ 49. Kf3 Be4+ 50. Kf2 Rd2+ 51. Ke1 Rb2 52. Rh3 Ke6 53. Rh8 f4 54. h4 f3 55. Re8+ Kf5 56. Rd8 Kf4 0-1